AoeStats
← rodrigoalex3500

Fortress

508782345Analyzed
4v4 RM · 9d ago on Sep 24, 2026· 40m 44s· 8 players
Game mode
Random Map
Map size
Huge
Population
200
Speed
Normal
Resources
Standard
Victory
Conquest
Starting age
Dark Age
Ending age
Imperial Age
RankedLock teamsTeams togetherTeam positionsShared explorationLock speedFull tech treeHidden civsTurbo modeCheats
Victory
Defeat
🇨🇦 Saracens · Canada
1075
+11
🇺🇸 Sicilians · United States
1035
+13
🇹🇷 Cumans · Türkiye
998
+14
🇪🇸 Huns · Spain
954
+16
🇨🇳 Huns · China
1081
-18
🇬🇧 Saxons · United Kingdom
930
-12
🇨🇱 Vietnamese · Chile
928
-12
🇦🇷 Malay · Argentina
917
-12
nik
8:17 Feudal Age
9:37 Double-Bit Axe
9:36 Horse Collar
10:36 Wheelbarrow
16:18 Castle Age
17:26 Scale Mail Armor
17:29 Squires
17:15 Arson
17:40 Loom
19:08 Chain Mail Armor
19:47 First Crusade
21:20 Forging
25:54 Hand Cart
27:09 Iron Casting
27:39 Gold Mining
30:41 Imperial Age
31:29 Hauberk
31:45 Conscription
32:39 Blast Furnace
32:23 Bow Saw
33:29 Scale Barding Armor
33:11 Cavalier
34:23 Bloodlines
34:14 Husbandry
35:02 Chain Barding Armor
34:07 Elite Serjeant
36:34 Plate Barding Armor
kirlito
10:06 Feudal Age
11:39 Wheelbarrow
10:51 Double-Bit Axe
10:48 Horse Collar
15:48 Castle Age
15:48 Scale Barding Armor
15:55 Forging
17:01 Hand Cart
16:59 Bow Saw
16:52 Heavy Plow
21:33 Marauders
22:23 Gold Mining
23:45 Gold Shaft Mining
24:30 Chain Barding Armor
24:45 Iron Casting
28:20 Imperial Age
27:24 Bloodlines
27:15 Husbandry
27:22 Stone Mining
28:20 Elite Tarkan
30:12 Blast Furnace
30:58 Plate Barding Armor
30:46 Conscription
FredproQc69
0:31 Loom
8:14 Feudal Age
6:38 Loom
12:49 Castle Age
10:51 Gold Mining
10:46 Horse Collar
11:21 Double-Bit Axe
13:18 Scale Mail Armor
14:25 Forging
22:31 Fletching
26:01 Wheelbarrow
25:31 Heavy Plow
29:45 Husbandry
38:21 Imperial Age
36:11 Hand Cart
39:18 Bloodlines
38:29 Light Cavalry
39:23 Scale Barding Armor
39:54 Iron Casting
39:09 Hussar
Eskiçeri
7:46 Feudal Age
14:20 Castle Age
13:49 Double-Bit Axe
15:18 Horse Collar
17:35 Bow Saw
19:28 Bloodlines
20:03 Wheelbarrow
27:49 Imperial Age
25:54 Hand Cart
27:03 Thumb Ring
27:30 Heavy Plow
27:27 Gold Mining
29:05 Parthian Tactics
28:00 Heavy Cavalry Archer
28:06 Cavalier
33:52 Gold Shaft Mining
33:59 Ballistics
33:38 Loom
33:39 Town Watch
34:32 Caravan
35:15 Stone Mining
35:59 Crop Rotation
36:31 Two-Man Saw
35:35 Town Patrol
36:06 Padded Archer Armor
35:57 Fletching
36:17 Forging
37:46 Steppe Husbandry
38:12 Leather Archer Armor
39:17 Chemistry
No name1406
6:33 Feudal Age
7:24 Double-Bit Axe
7:21 Horse Collar
7:33 Gold Mining
8:29 Wheelbarrow
10:39 Loom
14:48 Castle Age
14:32 Forging
14:22 Scale Mail Armor
16:20 Squires
17:12 Iron Casting
16:53 Chain Mail Armor
20:33 Crossbowman
22:17 Gold Shaft Mining
25:19 Bow Saw
26:23 Elite Skirmisher
27:23 Fletching
31:33 Imperial Age
31:06 Bodkin Arrow
31:12 Padded Archer Armor
32:33 Hand Cart
34:40 Imperial Skirmisher
35:42 Ballistics
36:24 Two-Man Saw
35:26 Bracer
36:18 Conscription
37:30 Elite Hearth Troop
38:14 Elite Varangian Guard
GodNeftis
7:04 Feudal Age
7:46 Loom
10:52 Castle Age
14:21 Double-Bit Axe
14:17 Horse Collar
16:06 Heavy Plow
21:22 Gold Mining
23:14 Wheelbarrow
24:27 Bow Saw
24:57 Ballistics
32:48 Imperial Age
32:42 Redemption
32:38 Heavy Scorpion
35:33 Chemistry
36:36 Town Watch
37:06 Hand Cart
rodrigoalex3500
0:47 Loom
6:42 Feudal Age
8:08 Wheelbarrow
7:19 Town Watch
7:50 Double-Bit Axe
7:53 Horse Collar
10:39 Gold Mining
14:39 Castle Age
15:48 Hand Cart
15:33 Town Patrol
15:47 Stone Mining
18:02 Bow Saw
18:28 Heavy Plow
20:15 Town Patrol
24:04 Ballistics
25:31 Stone Shaft Mining
31:18 Imperial Age
29:17 Squires
29:03 Arson
33:41 Imperial Age
35:44 Chemistry
34:49 Pikeman
35:14 Arson
34:53 Elite Skirmisher
36:28 Crop Rotation
37:23 Two-Man Saw
36:21 Halberdier
37:53 Padded Archer Armor
37:53 Scale Mail Armor
38:04 Forging
37:44 Fletching
37:36 Imperial Skirmisher
39:30 Leather Archer Armor
39:50 Iron Casting
39:05 Fletching
熊大来袭
7:36 Feudal Age
14:18 Castle Age
13:10 Double-Bit Axe
13:11 Horse Collar
17:49 Bow Saw
17:41 Heavy Plow
19:47 Wheelbarrow
21:21 Gold Mining
23:19 Fletching
23:30 Padded Archer Armor
24:08 Bodkin Arrow
24:28 Thumb Ring
27:59 Imperial Age
27:18 Ballistics
28:02 Leather Archer Armor
28:42 Bracer
29:29 Scale Barding Armor
29:35 Forging
29:55 Parthian Tactics
28:50 Heavy Cavalry Archer
30:27 Hand Cart
30:45 Conscription
33:16 Chemistry
34:30 Loom
36:50 Chain Barding Armor
37:06 Iron Casting
36:45 Marauders
36:06 Elite Tarkan
37:00 Husbandry
37:11 Bloodlines
39:44 Plate Barding Armor
Connection lost

Rejoining the realm…

Still unreachable

The connection could not be restored.

Session expired

The server has moved on; the page needs a fresh start.